 Dungeon Crawl Stone Soup version 0.28-a0-563-gf77a47075d (webtiles) character file.

Game seed: 11989685374469743882

716114 frimble the Gnoll Aeon (level 27, -13/224 HPs)
             Began as a Gnoll Ice Elementalist on Sept 29, 2021.
             Was the Champion of Cheibriados.
             Killed from afar by an ancient lich (54 damage)
             ... with a bolt of acid
             ... on level 6 of a ziggurat.
             The game lasted 02:15:30 (73587 turns).

frimble the Gnoll Aeon (Gnoll Ice Elementalist)    Turns: 73587, Time: 02:15:30

Health: -13/224    AC: 30    Str: 26    XL:     27
Magic:  7/47       EV: 38    Int: 47    God:    Cheibriados [******]
Gold:   12422      SH: 24    Dex: 34    Spells: 18/66 levels left

rFire   + . .      SeeInvis +   g - +9 demon trident (flame)
rCold   + . .      Faith    .   G - +5 kite shield {AC+3}
rNeg    + + +      Spirit   .   i - +4 troll leather armour
rPois   ∞          Reflect  .   R - +0 helmet "Qeng" {Contam rN++ Regen+ Dex+2}
rElec   +          Harm     .   s - +2 cloak
rCorr   .          Rampage  .   x - +2 pair of gloves
Will    +++++                   o - +2 pair of boots
Stlth   +++++++++.              P - amulet of Reapsa {RegenMP Dex+6}
HPRegen 2.47/turn               l - ring of Dithmenos's Favour {*Slow rPois Will++ SInv}
MPRegen 0.55/turn               J - ring "Tiun" {Fly rElec Int+8 Dex-2 Slay+6}

@: lich-form, corroded, flying, studying 4 skills, very slow
A: draining attack, torment immunity, no potions, fangs 1, strong nose,
distributed training, camouflage 1, fire resistance 1, subdued magic 1
}: 5/15 runes: decaying, serpentine, slimy, silver, golden
a: End Transformation, Renounce Religion, Bend Time, Temporal Distortion,
Slouch, Step From Time


You were on level 6 of a ziggurat.
You worshipped Cheibriados.
Cheibriados was exalted by your worship.
You were an undead lich.
You visited 12 branches of the dungeon, and saw 59 of its levels.
You visited 1 ziggurat, and saw 6 of its levels.
You also visited: Gauntlet and Ice Cave.

You collected 17668 gold pieces.
You spent 5246 gold pieces at shops.

Inventory:

Hand Weapons
 g - a +9 demon trident of flaming (weapon)
 F - a +2 broad axe of electrocution
Missiles
 n - 5 throwing nets
 v - 2 silver javelins
 U - 17 javelins (quivered)
Armour
 i - a +4 troll leather armour (worn)
 o - a +2 pair of boots (worn)
 s - a +2 cloak (worn)
 x - a +2 pair of gloves (worn)
 y - a +1 tower shield of reflection
 E - the +9 scales of the Dragon King {rPois rF+ rC+ Will+}
   (You found it on level 5 of the Pits of Slime)

   rF:        It protects you from fire.
   rC:        It protects you from cold.
   rPois:     It protects you from poison.
   Will:      It increases your willpower.
 G - a +5 kite shield of protection (worn)
 R - the +0 helmet "Qeng" (worn) {Contam rN++ Regen+ Dex+2}
   (You found it in a Gauntlet)

   Dex:       It affects your dexterity (+2).
   rN:        It greatly protects you from negative energy.
   Contam:    It causes magical contamination when unequipped.
   Regen:     It increases your rate of health regeneration.
Jewellery
 l - the ring of Dithmenos's Favour (left hand) {*Slow rPois Will++ SInv}
   (You found it on level 14 of the Dungeon)

   [ring of see invisible]

   rPois:     It protects you from poison.
   SInv:      It lets you see invisible.
   *Slow:     It may slow you when you take damage.
   Will:      It greatly increases your willpower.
 J - the ring "Tiun" (right hand) {Fly rElec Int+8 Dex-2 Slay+6}
   (You found it on level 3 of the Elven Halls)

   [ring of flight]

   Int:       It affects your intelligence (+8).
   Dex:       It affects your dexterity (-2).
   Slay:      It affects your accuracy & damage with ranged weapons and melee
   (+6).
   rElec:     It insulates you from electricity.
   Fly:       It grants you flight.
 P - the amulet of Reapsa (around neck) {RegenMP Dex+6}
   (You took it off an ogre mage on level 14 of the Dungeon)

   [amulet of magic regeneration]

   It increases your rate of magic regeneration.
   Dex:       It affects your dexterity (+6).
 Q - the ring of Fanaticism {rCorr Int+6}
   (You found it on level 3 of the Elven Halls)

   [ring of intelligence]

   Int:       It affects your intelligence (+6).
   rCorr:     It protects you from acid and corrosion.
 T - the ring of Heimef {rElec Int+4 Dex+5 Slay+4}
   (You bought it in a shop on level 2 of the Elven Halls)

   [ring of slaying]

   Int:       It affects your intelligence (+4).
   Dex:       It affects your dexterity (+5).
   Slay:      It affects your accuracy & damage with ranged weapons and melee
   (+4).
   rElec:     It insulates you from electricity.
Wands
 f - a wand of digging (22)
 k - a wand of iceblast (60)
 m - a wand of acid (29)
Scrolls
 a - 4 scrolls of brand weapon
 b - 2 scrolls of summoning
 d - 54 scrolls of identify
 e - 10 scrolls of magic mapping
 h - 8 scrolls of enchant armour
 j - 9 scrolls of fear
 r - 19 scrolls of teleportation
 t - 4 scrolls of blinking
 u - 6 scrolls of holy word
 K - 9 scrolls of immolation
 N - 7 scrolls of fog
 S - a scroll of silence
 V - 8 scrolls of enchant weapon
 Y - 6 scrolls of amnesia
Potions
 c - 12 potions of brilliance
 p - 13 potions of invisibility
 q - a potion of mutation
 w - 3 potions of magic
 z - 10 potions of heal wounds
 A - 3 potions of attraction
 B - 24 potions of curing
 C - 2 potions of cancellation
 D - 3 potions of resistance
 I - 9 potions of flight
 L - 7 potions of lignification
 W - 6 potions of might
 X - 3 potions of ambrosia
Miscellaneous
 H - a box of beasts
 M - a condenser vane
 O - a tin of tremorstones (1/2)
 Z - a figurine of a ziggurat


   Skills:
 + Level 19.8 Fighting
 + Level 19.8 Short Blades
 + Level 19.8 Long Blades
 + Level 19.8 Axes
 + Level 19.8 Maces & Flails
 + Level 19.8 Polearms
 + Level 26.0 Staves
 + Level 22.9 Slings
 + Level 19.8 Bows
 + Level 24.6 Crossbows
 + Level 19.8 Throwing
 + Level 19.8 Armour
 + Level 20.2 Dodging
 + Level 20.1 Stealth
 + Level 19.8 Shields
 + Level 19.8 Unarmed Combat
 + Level 20.3 Spellcasting
 + Level 16.9 Conjurations
 + Level 16.9 Hexes
 + Level 16.9 Summonings
 + Level 16.9 Necromancy
 + Level 16.9 Translocations
 + Level 16.9 Transmutations
 + Level 19.8 Fire Magic
 + Level 18.1 Ice Magic
 + Level 16.9 Air Magic
 + Level 16.9 Earth Magic
 + Level 16.9 Poison Magic
 + Level 26.5 Invocations
 + Level 19.8 Evocations


You had 18 spell levels left.
You knew the following spells:

 Your Spells              Type           Power      Damage    Failure   Level
a - Necromutation         Tmut/Necr      63%        N/A       1%          8
b - Ignition              Fire           55%        3d15      1%          8
c - Blink                 Tloc           N/A        N/A       0%          2
d - Statue Form           Tmut/Erth      68%        N/A       1%          6
f - Apportation           Tloc           100%       N/A       0%          1
h - Passwall              Tmut/Erth      85%        N/A       0%          2
i - Shatter               Erth           51%        3d39*     34%         9
j - Ozocubu's Refrigerat  Ice            53%        4d15      1%          7
l - Irradiate             Conj/Tmut      51%        3d30      0%          5

Your spell library contained the following spells:

 Spells                   Type           Power      Damage    Failure   Level
 Animate Skeleton         Necr           100%       N/A       0%          1
 Beastly Appendage        Tmut           100%       N/A       0%          1
 Foxfire                  Conj/Fire      100%       2x1d9     0%          1
 Freeze                   Ice            100%       1d11      0%          1
 Magic Dart               Conj           100%       1d8       0%          1
 Pain                     Necr           100%       1d9       0%          1
 Shock                    Conj/Air       100%       1d9       0%          1
 Sting                    Tmut/Pois      100%       1d8       0%          1
 Summon Small Mammal      Summ           100%       N/A       0%          1
 Call Imp                 Summ           100%       N/A       0%          2
 Corpse Rot               Necr/Air       N/A        N/A       0%          2
 Ensorcelled Hibernation  Hex/Ice        100%       N/A       0%          2
 Poisonous Vapours        Pois/Air       100%       N/A       0%          2
 Scorch                   Fire           100%       2d10      0%          2
 Static Discharge         Conj/Air       100%       N/A       0%          2
 Wereblood                Tmut           100%       N/A       0%          2
 Call Canine Familiar     Summ           100%       N/A       0%          3
 Conjure Flame            Conj/Fire      100%       6-21      0%          3
 Dazzling Flash           Conj/Hex       100%       N/A       0%          3
 Frozen Ramparts          Ice            100%       1d12      0%          3
 Gell's Gravitas          Tloc           51%        N/A       0%          3
 Ignite Poison            Fire/Tmut/Pois 100%       N/A       0%          3
 Inner Flame              Hex/Fire       100%       N/A       0%          3
 Lesser Beckoning         Tloc           100%       N/A       0%          3
 Mephitic Cloud           Conj/Pois/Air  100%       N/A       0%          3
 Ozocubu's Armour         Ice            100%       N/A       0%          3
 Portal Projectile        Hex/Tloc       100%       N/A       0%          3
 Spider Form              Tmut/Pois      51%        N/A       0%          3
 Summon Guardian Golem    Hex/Summ       100%       N/A       0%          3
 Swiftness                Air            100%       N/A       0%          3
 Teleport Other           Tloc           100%       N/A       0%          3
 Tukima's Dance           Hex            100%       N/A       0%          3
 Vampiric Draining        Necr           63%        2d15      0%          3
 Airstrike                Air            51%        N/A       0%          4
 Animate Armour           Summ/Erth      100%       N/A       0%          4
 Animate Dead             Necr           63%        N/A       0%          4
 Cause Fear               Hex            51%        N/A       0%          4
 Dispel Undead            Necr           100%       3d31      0%          4
 Flame Wave               Conj/Fire      100%       3d16      0%          4
 Fulminant Prism          Conj/Hex       51%        3d23      0%          4
 Hailstorm                Conj/Ice       100%       3d20      0%          4
 Ice Form                 Ice/Tmut       100%       N/A       0%          4
 Iskenderun's Mystic Bla  Conj/Tloc      100%       2d19      0%          4
 Leda's Liquefaction      Hex/Erth       51%        N/A       0%          4
 Olgreb's Toxic Radiance  Pois           100%       N/A       0%          4
 Passage of Golubria      Tloc           N/A        N/A       0%          4
 Petrify                  Tmut/Erth      100%       N/A       0%          4
 Sticky Flame             Conj/Fire      100%       2d11      0%          4
 Summon Lightning Spire   Summ/Air       100%       N/A       0%          4
 Agony                    Necr           100%       N/A       0%          5
 Alistair's Intoxication  Tmut/Pois      68%        N/A       0%          5
 Blade Hands              Tmut           51%        N/A       0%          5
 Borgnjor's Vile Clutch   Necr/Erth      63%        N/A       0%          5
 Excruciating Wounds      Necr           63%        N/A       0%          5
 Fireball                 Conj/Fire      53%        3d21      0%          5
 Freezing Cloud           Conj/Ice/Air   52%        6-21      0%          5
 Iskenderun's Battlesphe  Conj           100%       2d15      0%          5
 Lee's Rapid Deconstruct  Erth           51%        3d25*     0%          5
 Lightning Bolt           Conj/Air       51%        1d72      0%          5
 Manifold Assault         Tloc           100%       N/A       0%          5
 Metabolic Englaciation   Hex/Ice        52%        N/A       0%          5
 Silence                  Hex/Air        51%        N/A       0%          5
 Summon Forest            Summ/Tloc      51%        N/A       0%          5
 Summon Mana Viper        Hex/Summ       100%       N/A       0%          5
 Yara's Violent Unravell  Hex/Tmut       51%        3d20      0%          5
 Starburst                Conj/Fire      53%        6d14      0%          6
 Conjure Ball Lightning   Conj/Air       51%        3x3d18    1%          6
 Death Channel            Necr           63%        N/A       1%          6
 Dispersal                Tloc           51%        N/A       1%          6
 Invisibility             Hex            51%        N/A       1%          6
 Iron Shot                Conj/Erth      51%        9d10      1%          6
 Simulacrum               Ice/Necr       64%        N/A       1%          6
 Summon Cactus Giant      Summ           51%        N/A       1%          6
 Dragon Form              Tmut           51%        N/A       1%          7
 Haunt                    Necr/Summ      63%        N/A       1%          7
 Monstrous Menagerie      Summ           51%        N/A       1%          7
 Orb of Destruction       Conj           51%        9d16      1%          7
 Storm Form               Tmut/Air       51%        N/A       1%          7
 Disjunction              Tloc           51%        N/A       1%          8
 Lehudib's Crystal Spear  Conj/Erth      51%        10d12     1%          8
 Maxwell's Capacitive Co  Air            51%        ∞         1%          8
 Fire Storm               Conj/Fire      53%        8d13      19%         9
 Chain Lightning          Conj/Air       51%        3d68      34%         9
 Dragon's Call            Summ           51%        N/A       34%         9


Dungeon Overview and Level Annotations

Branches:
Dungeon (15/15)            Temple (0/1) D:4            Lair (6/6) D:8
  Swamp (4/4) Lair:4        Snake (4/4) Lair:4        Slime (5/5) Lair:6
    Orc (2/2) D:9             Elf (3/3) Orc:2        Vaults (5/5) D:14
  Crypt (3/3) Vaults:3       Tomb (3/3) Crypt:3      Depths (4/4) D:15
    Zot (5/5) Depths:4      IceCv (visited)         Gauntlet (visited)

Altars:
Cheibriados
Dithmenos
Elyvilon
Gozag
Hepliaklqana
Kikubaaqudgha
Nemelex Xobeh
Okawaru
Qazlal
Ru
Trog
Vehumet
Wu Jian
Yredelemnul
The Shining One
Beogh
Lugonu

Shops:
D:5 :   D:7 ?   Orc:1 !*   Orc:2 (*:!(   Elf:1 *   Elf:2 =:=   Snake:2 ((
Snake:3 *   Snake:4 ?   Vaults:2 [   Vaults:3 (

Portals:
Hell: Depths:1 Depths:2 Depths:3 Depths:4
Abyss: Lair:6 Depths:3
Pandemonium: Orc:2 Depths:1 Depths:2 Depths:4

Annotations:
Elf:2 3 runed translucent doors
Zot:5 1 exclusion


Innate Abilities, Weirdness & Mutations

You are an undead lich.
Your unarmed attacks are suffused with negative energy.
You are immune to unholy pain and torment.
Your necromantic spells are more powerful.
You are immune to poison.
You cannot drink.
You have very sharp teeth.
Your uncanny sense of smell can sniff out nearby items.
Your experience applies equally to all skills.
Your skin changes colour to match your surroundings (Stealth+).
Your flesh is heat resistant. (rF+)
Your spells are a little easier to cast, but a little less powerful.


Message History

You are too injured to fight recklessly!
You are too injured to fight recklessly!
You hit the ancient lich. You burn the ancient lich.
The ancient lich is almost destroyed.
The ancient lich casts a spell at you. The bolt of acid misses you.
The ancient lich completely misses you. The ancient lich misses you.
The tremorstone explodes into fragments!
The burst of rock shards engulfs the ancient lich but does no damage. x2
The burst of rock shards engulfs you but does no damage.
The burst of rock shards engulfs the ancient lich but does no damage.
The ancient lich casts a spell at you. The crystal spear misses you.
You block the ancient lich's attack.
The ancient lich casts a spell.
The ancient lich seems to speed up.
You impale the ancient lich!! You burn the ancient lich.
You destroy the ancient lich!
Cheibriados thoroughly appreciates the change of pace.
You block the ancient lich's attack. x2
You impale the ancient lich!! You burn the ancient lich.
You destroy the ancient lich!
Cheibriados thoroughly appreciates the change of pace.
The ancient lich completely misses you.
Found 47 gold pieces.
The ancient lich casts a spell at you. The crystal spear hits you!!!!
* * * LOW HITPOINT WARNING * * *
The ancient lich touches you but does no damage.
You hit the ancient lich. Your bite misses the ancient lich.
The ancient lich is heavily damaged.
The ancient lich touches you but does no damage.
You puncture the ancient lich!
The ancient lich is severely damaged.
You block the ancient lich's attack.
You puncture the ancient lich! You burn the ancient lich.
Your bite misses the ancient lich.
The ancient lich is severely damaged.
The ancient lich points at you and mumbles some strange words.
The bolt of acid hits you!!!
You die...

▓▓▓▓▓▓▓▓▓▓▓
▓▓.........▓▓
▓▓}..........▓▓
▓▓[?...........▓▓
▓∩??[...........▓▓
$>[=$..L.......∩.▓
▓∩|[)..L........▓▓
▓▓$)..)........▓▓
▓▓...........▓▓
▓▓.........▓▓
▓▓▓▓▓▓▓▓▓▓▓


You could see an ancient lich (fast).

Vanquished Creatures
  the Royal Jelly (Slime:5)
  Dissolution (Slime:2)
  A dread lich (Tomb:3)
  2 orbs of fire
  3 ancient liches
  Mara (Crypt:2)
  Mennas (Crypt:2)
  2 juggernauts (Depths:4)
  14 royal mummies
  Sojobo (Crypt:2)
  Margery (Vaults:4)
  Bai Suzhen (Swamp:3)
  15 golden dragons
  Xtahua (Vaults:5)
  Jory (Crypt:1)
  6 caustic shrikes (Depths:4)
  Nikola (Swamp:2)
  A profane servitor (Crypt:3)
  A bone dragon (Crypt:3)
  The ghost of Goerukk the Blocker, an adept HuFi (Depths:3)
  2 electric golems
  2 iron giants
  16 tentacled monstrosities
  Mlioglotl (Snake:1)
  3 walking earthen tomes
  10 titans
  10 liches
  2 deep elf master archers (Elf:3)
  13 acid blobs
  2 deep elf blademasters (Elf:3)
  6 quicksilver dragons
  2 walking frostbound tomes (Depths:4)
  6 ancient champions
  A walking divine tome (Depths:4)
  A tentacled starspawn (Zig:4)
  11 death cobs
  The ghost of spiderkeys the Warrior, an adept BaAK of Lugonu (Depths:1)
  9 shadow dragons
  Roxanne (Swamp:3)
  16 sphinxes
  4 nagarajas
  Frances (D:13)
  5 azure jellies
  18 storm dragons
  Donald (Vaults:2)
  13 tengu reavers
  Kirke (Snake:3)
  6 draconian monks
  2 revenants
  3 fenstrider witches
  7 rockslimes
  7 draconian knights
  6 deep elf sorcerers
  A caustic shrike zombie (Crypt:3)
  9 fire giants
  5 iron dragons
  10 vault wardens
  11 draconian shifters
  6 draconian stormcallers
  4 frost giants
  Aizul (Vaults:1)
  2 juggernaut zombies (Crypt:3)
  9 draconian scorchers
  2 curse skulls (Crypt:3)
  5 ghost moths
  16 ghouls
  9 deep elf elementalists
  20 ironbound preservers
  3 war gargoyles
  2 emperor scorpions (Zig:5)
  5 spriggan defenders (Depths:4)
  9 draconian annihilators
  A reaper (IceCv)
  27 very ugly things
  12 stone giants
  11 quicksilver oozes
  6 vampire knights
  Nessos (Lair:4)
  11 white draconians
  12 black draconians
  9 green draconians
  11 purple draconians
  8 deep elf annihilators
  7 deep elf demonologists
  6 bennus
  An entropy weaver (Zig:5)
  14 yellow draconians
  16 red draconians
  15 eidola
  6 bunyips
  5 spark wasps
  2 merfolk javelineers (Depths:3)
  2 minotaurs
  7 dire elephants
  5 eleionomae
  A crystal guardian (Vaults:2)
  6 deep elf death magi
  20 ettins
  22 mummy priests
  2 shambling mangroves (Swamp:4)
  A quicksilver dragon zombie (Crypt:2)
  3 deep elf high priests
  A merfolk impaler (Depths:3)
  A fenstrider witch zombie (Crypt:1)
  37 vault guards
  9 fire dragons
  7 ironbound thunderhulks
  9 yaktaur captains
  11 jiangshi
  14 great orbs of eyes
  11 boulder beetles
  A peacekeeper (Vaults:2)
  30 hydras
  16 ice dragons
  7 rakshasas
  4 spriggan air magi
  4 salamander tyrants
  8 naga warriors
  3 catoblepae
  4 anacondas
  7 alligators
  8 dancing weapons
  The ghost of Anuemis the Protected, a journeyman GrGl of Okawaru (Lair:2)
  15 centaur warriors
  6 ironbound frosthearts
  An anaconda (shapeshifter) (Vaults:5)
  An ogre mage (D:14)
  5 two-headed ogres
  69 death scarabs
  7 deep troll shamans
  7 tengu warriors
  The ghost of IdlyInterested the Slicer, a journeyman KoFi of Trog (D:8)
  7 death knights
  Urug (Orc:1)
  8 deep troll earth magi
  9 orc high priests
  6 death yaks (Lair:5)
  A titan zombie (Tomb:1)
  5 vampire magi
  8 naga sharpshooters
  5 spriggan berserkers
  The ghost of Rennog the Grappler, a novice TrFi of Cheibriados (D:7)
  3 thrashing horrors (Lair:6)
  3 titan skeletons
  11 deep elf knights
  14 hell knights
  8 shock serpents
  Nergalle (Lair:1)
  5 iron trolls
  29 skeletal warriors
  A fire crab (shapeshifter) (Elf:2)
  4 salamander mystics
  A gelid demonspawn (Orc:2)
  2 wretched stars (Zig:4)
  2 goliath frogs (Swamp:1)
  A sea snake (shapeshifter) (Depths:3)
  12 swamp dragons
  An iron giant zombie (Crypt:2)
  A spark wasp zombie (Depths:1)
  50 deep trolls
  An anaconda zombie (Crypt:3)
  4 glowing orange brains
  6 flayed ghosts
  3 bog bodies
  3 spriggan druids
  An infernal demonspawn (Orc:2)
  10 wizards
  8 lindwurms
  A death drake (Swamp:2)
  10 necromancers
  9 deep elf archers
  A torturous demonspawn (Orc:2)
  17 ironbound convokers
  A bunyip skeleton (Tomb:3)
  8 orc knights
  6 naga ritualists
  Pikel (D:6)
  2 tengu skeletons (Vaults:3)
  32 phantasmal warriors
  26 deep elf pyromancers
  8 harpies
  2 stone giant zombies (Crypt:3)
  A shadow dragon zombie (Depths:1)
  8 mana vipers
  16 deep elf zephyrmancers
  An iron dragon zombie (Crypt:1)
  An orb spider (Zig:5)
  A faun (shapeshifter) (D:14)
  A fire giant zombie (Depths:1)
  9 orc sorcerers
  3 will-o-the-wisps
  A sphinx skeleton (Crypt:2)
  54 ugly things
  17 salamanders
  6 wolf spiders
  A mana viper (shapeshifter) (Depths:3)
  5 shining eyes
  11 cyclopes
  6 manticores
  A fire giant skeleton (Vaults:3)
  2 guardian serpents
  A black mamba (shapeshifter) (Depths:1)
  An elephant (shapeshifter) (Vaults:3)
  18 vault sentinels
  2 eyes of devastation (Slime:4)
  An eye of devastation (shapeshifter) (Depths:4)
  2 ice statues (IceCv)
  A dire elephant zombie (Tomb:1)
  12 elephants
  An alligator snapping turtle zombie (Tomb:1)
  27 moths of wrath
  4 stone giant skeletons
  4 gargoyles
  2 rust devils
  20 naga magi
  3 naga zombies (Crypt:3)
  5 spriggan zombies
  An apocalypse crab (Zig:4)
  31 black mambas
  2 frost giant skeletons (Vaults:3)
  3 rime drakes
  14 cane toads
  2 smoke demons (Lair:6)
  5 centaur skeletons
  7 kobold demonologists
  A red draconian zombie (Crypt:2)
  2 elf skeletons (Vaults:3)
  An unseen horror (D:12)
  17 yaktaurs
  A green draconian zombie (Crypt:2)
  An efreet (Gauntlet)
  An unseen horror (shapeshifter) (D:14)
  A white draconian zombie (Crypt:1)
  6 ice devils (IceCv)
  A yellow draconian zombie (Crypt:2)
  6 komodo dragons
  3 entropy weaver simulacra (IceCv)
  2 spriggan skeletons (Depths:1)
  5 freezing wraiths
  4 trolls
  2 anaconda simulacra (IceCv)
  2 ancient zymes (Lair:6)
  34 guardian mummies
  A troll (shapeshifter) (D:14)
  2 tengu conjurers
  2 harpy zombies
  7 human skeletons (Vaults:3)
  2 burning bushes (Lair:6)
  2 bloated husks
  2 red devils (Orc:2)
  A jumping spider (shapeshifter) (Depths:3)
  5 tyrant leeches
  A meliai (shapeshifter) (Vaults:5)
  The ghost of bronco the Sneak, an amateur DsEn (D:5)
  16 hornets
  A fire dragon zombie (Crypt:2)
  A sphinx simulacrum (Vaults:4)
  4 jumping spiders
  2 polar bears
  23 blink frogs
  7 dream sheep (Lair:6)
  A harpy skeleton (Tomb:1)
  68 slime creatures
  3 centaur simulacra
  9 flying skulls
  6 wraiths
  A tarantella (shapeshifter) (Elf:3)
  2 black mamba zombies
  A redback (shapeshifter) (Vaults:5)
  A fire dragon skeleton (Crypt:2)
  5 water elementals
  6 air elementals
  6 redbacks
  2 spriggan simulacra (Depths:1)
  5 dire elephant simulacra (IceCv)
  79 yaks
  2 shadows
  12 spriggans
  4 wyverns
  2 ynoxinuls (Lair:6)
  3 golden eyes (Slime:5)
  4 hogs (Snake:3)
  A naga simulacrum (Crypt:1)
  5 fire elementals
  A steam dragon (D:8)
  15 ushabtiu
  A human (shapeshifter) (D:14)
  3 large abominations (Lair:6)
  10 basilisks
  4 chaos spawn
  18 vampire mosquitoes
  A death yak simulacrum (IceCv)
  3 wargs
  A swamp worm (shapeshifter) (Vaults:5)
  35 nagas
  21 water moccasins
  3 acid dragons
  20 swamp worms
  2 floating eyes (shapeshifter)
  2 floating eyes (Depths:4)
  A hell hound (Gauntlet)
  7 swamp drakes
  A hornet zombie (D:7)
  6 black bears
  3 human zombies (Vaults:2)
  3 ice beasts
  A sky beast (D:6)
  25 necrophages
  40 orc warriors
  2 swamp dragon zombies
  An ogre (shapeshifter) (Vaults:5)
  8 ogres
  13 centaurs
  31 wolves
  A lemure (D:6)
  A hog skeleton (Crypt:1)
  2 phantoms
  6 kobold brigands
  19 bullfrogs
  4 earth elementals (Elf:3)
  A gnoll sergeant (D:9)
  A wyvern zombie (D:9)
  4 scorpions
  A water moccasin zombie (D:5)
  A two-headed ogre simulacrum (IceCv)
  A yaktaur skeleton (Crypt:2)
  12 wyvern skeletons (Crypt:3)
  A yak zombie (Crypt:1)
  2 water moccasin skeletons
  12 killer bees
  A human simulacrum (Vaults:4)
  2 howler monkeys
  6 wights
  2 electric eels
  A bullfrog zombie (D:7)
  A lava snake (Lair:3)
  7 centaur zombies
  8 small abominations (Lair:6)
  A hound (D:6)
  2 bullfrog skeletons
  34 orc priests
  2 gnoll shamans
  6 jellies
  An iguana (D:5)
  15 orc wizards
  A troll simulacrum (IceCv)
  A wolf simulacrum (IceCv)
  A deep dwarf skeleton (Crypt:1)
  A hound skeleton (D:4)
  24 mummies
  9 gnolls
  9 adders
  A steam dragon zombie (Crypt:2)
  6 white imps
  2 ufetubi (D:6)
  4 worms
  3 dart slugs
  71 orcs
  10 ball pythons
  5 bats
  7 endoplasms
  4 giant cockroaches
  5 hobgoblins
  14 jackals
  5 quokkas
  A river rat zombie (Crypt:1)
  5 frilled lizards
  A giant cockroach zombie (Crypt:1)
  6 goblins
  A hobgoblin zombie (Crypt:1)
  23 kobolds
  5 rats
  A withered plant (Crypt:3)
2667 creatures vanquished.

Vanquished Creatures (collateral kills)
  A two-headed ogre (Orc:1)
  A death scarab (Tomb:3)
  An orc warrior (Orc:1)
  A wight (D:8)
  2 orc priests (Orc:1)
  An orc wizard (Orc:1)
  3 orcs (Orc:1)
10 creatures vanquished.

Vanquished Creatures (others)
  A fire giant (Depths:3)
  An alligator (Swamp:3)
  A spriggan (Swamp:2)
  A bog body (Swamp:2)
  A phantasmal warrior (Vaults:5)
  A wizard (Vaults:4)
  A bloated husk (Swamp:2)
  A hornet (Swamp:2)
  A vampire mosquito (Swamp:3)
  A swamp worm (Swamp:3)
  A white imp (Lair:5)
  7 demonic plants (D:11)
  18 foxfires
  38 fungi
  95 plants
  11 toadstools (Lair:1)
  15 withered plants
195 creatures vanquished.

Grand Total: 2872 creatures vanquished

Notes
Turn   | Place    | Note
-------+----------+-------------------------------------------
     0 | D:1      | frimble the Gnoll Ice Elementalist began the quest for the
                  | Orb.
     0 | D:1      | Reached XP level 1. HP: 13/13 MP: 6/6
     4 | D:1      | Found a faded altar of an unknown god.
    73 | D:1      | Reached XP level 2. HP: 14/19 MP: 4/7
   663 | D:1      | Reached XP level 3. HP: 25/25 MP: 6/9
   670 | D:1      | Reached skill level 5 in Spellcasting
  1038 | D:1      | Reached skill level 1 in Invocations
  1518 | D:2      | Reached skill level 1 in Fighting
  1518 | D:2      | Reached skill level 1 in Short Blades
  1518 | D:2      | Reached skill level 1 in Long Blades
  1518 | D:2      | Reached skill level 1 in Axes
  1518 | D:2      | Reached skill level 1 in Maces & Flails
  1518 | D:2      | Reached skill level 1 in Polearms
  1518 | D:2      | Reached skill level 1 in Staves
  1518 | D:2      | Reached skill level 1 in Slings
  1518 | D:2      | Reached skill level 1 in Bows
  1518 | D:2      | Reached skill level 1 in Crossbows
  1518 | D:2      | Reached skill level 1 in Throwing
  1518 | D:2      | Reached skill level 1 in Armour
  1518 | D:2      | Reached skill level 1 in Shields
  1518 | D:2      | Reached skill level 1 in Unarmed Combat
  1518 | D:2      | Reached skill level 1 in Evocations
  1943 | D:2      | Reached XP level 4. HP: 32/32 MP: 9/11
  1963 | D:2      | Learned a level 3 spell: Frozen Ramparts
  1967 | D:2      | Learned a level 3 spell: Ozocubu's Armour
  2591 | D:2      | Reached skill level 1 in Conjurations
  2591 | D:2      | Reached skill level 1 in Hexes
  2591 | D:2      | Reached skill level 1 in Summonings
  2591 | D:2      | Reached skill level 1 in Necromancy
  2591 | D:2      | Reached skill level 1 in Translocations
  2591 | D:2      | Reached skill level 1 in Transmutations
  2591 | D:2      | Reached skill level 1 in Fire Magic
  2591 | D:2      | Reached skill level 1 in Air Magic
  2591 | D:2      | Reached skill level 1 in Earth Magic
  2591 | D:2      | Reached skill level 1 in Poison Magic
  3288 | D:3      | Found a white marble altar of Elyvilon.
  3645 | D:3      | Reached XP level 5. HP: 22/37 MP: 9/12
  3839 | D:3      | Found an ornate altar of the Wu Jian Council.
  5253 | D:4      | Reached XP level 6. HP: 38/44 MP: 13/13
  5297 | D:4      | Found a shadowy altar of Dithmenos.
  5297 | D:4      | Found an ancient bone altar of Kikubaaqudgha.
  5298 | D:4      | Noticed a black bear
  5318 | D:4      | Killed a black bear
  5319 | D:4      | Reached skill level 5 in Dodging
  6244 | D:4      | Reached XP level 7. HP: 50/50 MP: 15/15
  6342 | D:4      | Found a staircase to the Ecumenical Temple.
  6387 | D:5      | Entered Level 5 of the Dungeon
  6741 | D:5      | Found Ascheubi's Book Emporium.
  6884 | D:5      | Reached skill level 5 in Stealth
  7057 | D:5      | Reached XP level 8. HP: 20/57 MP: 11/16
  7260 | D:5      | Found a runed translucent door.
  7261 | D:5      | Noticed bronco's ghost (amateur DsEn)
  7280 | D:5      | Found an opulent altar of Gozag.
  7877 | D:6      | Noticed a shadow
  8144 | D:7      | Found Xotzoshry's Magic Scroll Shoppe.
  8215 | D:7      | Found a transporter.
  8219 | D:7      | Noticed Rennog's ghost (novice TrFi)
  8231 | D:7      | Found a transporter.
  8275 | D:7      | Noticed a yak
  8276 | D:7      | Noticed a yak
  8280 | D:7      | Noticed a troll
  8284 | D:7      | Noticed a yak
  8285 | D:7      | Noticed a yak
  8287 | D:7      | Noticed a yak
  8289 | D:7      | Killed a yak
  8308 | D:7      | HP: 1/58 [white imp/puff of frost (5)]
  8907 | D:8      | Found a transporter.
  8910 | D:8      | Noticed IdlyInterested's ghost (journeyman KoFi)
  8929 | D:8      | Noticed a cyan ugly thing
  8932 | D:8      | Found a transporter.
  8934 | D:8      | Noticed a kobold demonologist
  8957 | D:8      | Found a sparkling altar of Nemelex Xobeh.
  9036 | D:8      | Found a staircase to the Lair.
  9036 | D:8      | Noticed a yak
  9057 | D:8      | Killed a yak
  9089 | D:8      | Noticed an elephant
  9418 | D:8      | Killed an elephant
  9419 | D:8      | Reached XP level 9. HP: 23/65 MP: 10/18
  9721 | D:7      | HP: 2/65 [ogre (15)]
  9990 | D:7      | Killed a troll
 10718 | D:7      | Reached skill level 5 in Invocations
 10983 | D:7      | Reached XP level 10. HP: 52/73 MP: 12/20
 11152 | D:7      | Noticed a centaur warrior
 11348 | D:6      | Reached skill level 5 in Staves
 11484 | D:6      | Reached skill level 5 in Fighting
 11484 | D:6      | Reached skill level 5 in Short Blades
 11484 | D:6      | Reached skill level 5 in Long Blades
 11484 | D:6      | Reached skill level 5 in Axes
 11484 | D:6      | Reached skill level 5 in Maces & Flails
 11484 | D:6      | Reached skill level 5 in Polearms
 11484 | D:6      | Reached skill level 5 in Slings
 11484 | D:6      | Reached skill level 5 in Bows
 11484 | D:6      | Reached skill level 5 in Crossbows
 11484 | D:6      | Reached skill level 5 in Throwing
 11484 | D:6      | Reached skill level 5 in Armour
 11484 | D:6      | Reached skill level 5 in Shields
 11484 | D:6      | Reached skill level 5 in Unarmed Combat
 11484 | D:6      | Reached skill level 5 in Evocations
 12055 | D:6      | Found an iron altar of Okawaru.
 12215 | D:6      | Noticed Pikel
 12223 | D:6      | Killed Pikel
 13448 | D:8      | Noticed a boulder beetle
 13449 | D:8      | Noticed a gargoyle
 13846 | D:9      | Found a radiant altar of Vehumet.
 14447 | D:9      | Learned a level 6 spell: Statue Form
 14563 | D:9      | Found a staircase to the Orcish Mines.
 14573 | D:9      | Reached XP level 11. HP: 74/81 MP: 16/22
 15341 | D:9      | Reached skill level 5 in Conjurations
 15341 | D:9      | Reached skill level 5 in Hexes
 15341 | D:9      | Reached skill level 5 in Summonings
 15341 | D:9      | Reached skill level 5 in Necromancy
 15341 | D:9      | Reached skill level 5 in Translocations
 15341 | D:9      | Reached skill level 5 in Transmutations
 15341 | D:9      | Reached skill level 5 in Fire Magic
 15341 | D:9      | Reached skill level 5 in Air Magic
 15341 | D:9      | Reached skill level 5 in Earth Magic
 15341 | D:9      | Reached skill level 5 in Poison Magic
 15786 | D:9      | Noticed a two-headed ogre
 15800 | D:9      | Killed a two-headed ogre
 16394 | D:10     | Entered Level 10 of the Dungeon
 16455 | D:10     | Found a snail-covered altar of Cheibriados.
 17255 | D:10     | Identified a scroll of acquirement
 17255 | D:10     | Acquired 1023 gold pieces
 17307 | D:11     | Noticed a two-headed ogre
 17317 | D:11     | Killed a two-headed ogre
 17461 | D:11     | Noticed a boulder beetle
 17487 | D:11     | Killed a boulder beetle
 17815 | D:11     | Found a corrupted altar of Lugonu.
 18057 | D:10     | Became a worshipper of Cheibriados the Contemplative
 18134 | Lair:1   | Entered Level 1 of the Lair of Beasts
 18138 | Lair:1   | Noticed a five-headed hydra
 18154 | Lair:1   | Killed a six-headed hydra
 18420 | Lair:1   | Reached XP level 12. HP: 37/89 MP: 14/24
 18460 | Lair:1   | Noticed Nergalle
 18651 | Lair:1   | Noticed a five-headed hydra
 18660 | Lair:1   | Killed a five-headed hydra
 18928 | Lair:1   | Noticed a five-headed hydra
 18942 | Lair:1   | Killed a five-headed hydra
 18954 | Lair:1   | Reached * piety under Cheibriados
 18981 | Lair:1   | Killed Nergalle
 20482 | Lair:1   | Noticed a catoblepas
 20482 | Lair:1   | Noticed a dire elephant
 20502 | Lair:1   | Found a runed translucent door.
 20929 | Lair:2   | Learned a level 7 spell: Ozocubu's Refrigeration
 20931 | Lair:2   | Found a runed translucent gate.
 20931 | Lair:2   | Found a runed translucent gate.
 20931 | Lair:2   | Found a runed translucent gate.
 20945 | Lair:2   | Learned a level 1 spell: Freeze
 21414 | Lair:2   | Noticed a six-headed hydra
 21471 | Orc:1    | Entered Level 1 of the Orcish Mines
 21571 | Orc:1    | Noticed Sonja
 21571 | Orc:1    | Noticed a two-headed ogre
 21580 | Orc:1    | Killed a two-headed ogre
 21582 | Orc:1    | Reached ** piety under Cheibriados
 21589 | Orc:1    | Noticed Sonja
 21589 | Orc:1    | Sonja changed into Sonja the ice beast
 21595 | Orc:1    | Killed Sonja the ice beast
 21641 | Orc:1    | Noticed Urug
 21656 | Orc:1    | Killed Urug
 22205 | Orc:1    | Reached skill level 10 in Staves
 22205 | Orc:1    | Reached XP level 13. HP: 62/98 MP: 18/26
 22522 | Orc:1    | Found Wociwnoj's Gadget Gallery.
 22549 | Orc:1    | Found Moynnenn's Distillery.
 22558 | Orc:1    | Bought a potion of heal wounds for 75 gold pieces
 22558 | Orc:1    | Bought a potion of resistance for 150 gold pieces
 22838 | Lair:2   | Reached *** piety under Cheibriados
 23434 | Lair:2   | Found a bloodstained altar of Trog.
 23842 | Lair:2   | Noticed a minotaur
 23848 | Lair:2   | Noticed Anuemis's ghost (journeyman GrGl)
 24173 | Lair:3   | Reached **** piety under Cheibriados
 24218 | Lair:3   | Reached skill level 10 in Ice Magic
 24594 | Lair:3   | Learned a level 1 spell: Apportation
 25543 | Lair:3   | Found a runed translucent door.
 25543 | Lair:3   | Found the +2 hat of the Bear Spirit {Spirit, *Rage rN+
                  | Will++}
 25553 | Lair:3   | Found a runed translucent gate.
 25559 | Lair:3   | Reached skill level 10 in Spellcasting
 25759 | Lair:3   | Found a runed translucent gate.
 25767 | Lair:3   | Reached ***** piety under Cheibriados
 25775 | Lair:3   | Found a runed translucent gate.
 25775 | Lair:3   | Found a runed translucent gate.
 25775 | Lair:3   | Found a runed translucent gate.
 25776 | Lair:3   | Found a runed translucent gate.
 26235 | Lair:4   | Found a staircase to the Swamp.
 26317 | Lair:4   | Found a staircase to the Snake Pit.
 26357 | Lair:4   | Noticed Nessos
 26367 | Lair:4   | Killed Nessos
 26734 | Lair:5   | Acquired 879 gold pieces
 26748 | Lair:5   | Reached skill level 10 in Dodging
 26748 | Lair:5   | Reached XP level 14. HP: 106/106 MP: 14/28
 27128 | Lair:5   | Reached skill level 10 in Stealth
 27306 | Lair:5   | Reached skill level 10 in Invocations
 28289 | Lair:6   | Entered Level 6 of the Lair of Beasts
 28318 | Lair:5   | Reached ****** piety under Cheibriados
 28696 | Lair:6   | Found a staircase to the Slime Pits.
 29506 | Lair:6   | Reached XP level 15. HP: 115/115 MP: 21/29
 30146 | Lair:6   | Found a corrupted altar of Lugonu.
 30146 | Lair:6   | Found a one-way gate to the infinite horrors of the Abyss.
 30381 | Lair:6   | Reached skill level 10 in Fighting
 30381 | Lair:6   | Reached skill level 10 in Short Blades
 30381 | Lair:6   | Reached skill level 10 in Long Blades
 30381 | Lair:6   | Reached skill level 10 in Axes
 30381 | Lair:6   | Reached skill level 10 in Maces & Flails
 30381 | Lair:6   | Reached skill level 10 in Polearms
 30381 | Lair:6   | Reached skill level 10 in Slings
 30381 | Lair:6   | Reached skill level 10 in Bows
 30381 | Lair:6   | Reached skill level 10 in Crossbows
 30381 | Lair:6   | Reached skill level 10 in Throwing
 30381 | Lair:6   | Reached skill level 10 in Armour
 30381 | Lair:6   | Reached skill level 10 in Shields
 30381 | Lair:6   | Reached skill level 10 in Unarmed Combat
 30381 | Lair:6   | Reached skill level 10 in Evocations
 31312 | D:11     | Acquired 1036 gold pieces
 31369 | D:12     | Found a gate leading to a gauntlet.
 31380 | Gauntlet | Entered a Gauntlet
 31380 | Gauntlet | Found a transporter.
 31380 | Gauntlet | Found a runed translucent door.
 31440 | Gauntlet | Found a runed translucent door.
 31444 | Gauntlet | Found a transporter.
 31446 | Gauntlet | Found a transporter.
 31451 | Gauntlet | Found a runed translucent door.
 31453 | Gauntlet | Found a runed translucent door.
 31456 | Gauntlet | Found a transporter.
 31459 | Gauntlet | Found a transporter.
 31467 | Gauntlet | Found a runed translucent gate.
 31467 | Gauntlet | Found a runed translucent gate.
 31470 | Gauntlet | Found a runed translucent gate.
 31470 | Gauntlet | Found a transporter.
 31486 | Gauntlet | Found a transporter.
 31496 | Gauntlet | Found a transporter.
 31507 | Gauntlet | Found a transporter.
 31525 | Gauntlet | Found a transporter.
 31536 | Gauntlet | Found a transporter.
 31536 | Gauntlet | Found a transporter.
 31601 | Gauntlet | Found a transporter.
 31604 | Gauntlet | Found a transporter.
 31769 | Gauntlet | Identified the +0 helmet "Qeng" {Contam rN++ Regen+ Dex+2}
 33403 | D:13     | Noticed Frances
 33412 | D:13     | Killed Frances
 34242 | D:14     | Found a corrupted altar of Lugonu.
 34382 | D:14     | Found a shadowy altar of Dithmenos.
 34476 | D:14     | Reached XP level 16. HP: 86/123 MP: 20/31
 34569 | D:14     | Identified the amulet "Xaiman" {Faith rN++}
 34570 | D:14     | Identified the amulet of Reapsa {RegenMP Dex+6}
 34580 | D:14     | Identified the amulet of Pitil {Acrobat Str+3}
 34587 | D:14     | Identified the ring of Dithmenos's Favour {*Slow rPois
                  | Will++ SInv}
 34645 | D:14     | Acquired 959 gold pieces
 34685 | D:14     | Found a runed translucent door.
 34687 | D:14     | Found a runed translucent door.
 34687 | D:14     | Found a runed translucent door.
 34983 | D:14     | Found a gate to the Vaults.
 35188 | D:15     | Entered Level 15 of the Dungeon
 35326 | D:15     | Found a staircase to the Depths.
 35445 | D:15     | Found a glowing golden altar of the Shining One.
 35683 | D:15     | Found Sece's Mass Market.
 35898 | Orc:2    | Entered Level 2 of the Orcish Mines
 35898 | Orc:2    | Found a frozen archway.
 35902 | Orc:2    | Found a staircase to the Elven Halls.
 35915 | IceCv    | Entered an ice cave
 36598 | Orc:2    | Found Usydiej's Distillery.
 36631 | Orc:2    | Found Zushrimp's General Store.
 36811 | Orc:2    | Reached XP level 17. HP: 131/131 MP: 25/33
 36830 | Orc:2    | Reached skill level 15 in Staves
 36846 | Orc:2    | Found Hufuev's Antique Weapon Shop.
 36846 | Orc:2    | Found Ducsut's Book Boutique.
 36847 | Orc:2    | Found a one-way gate leading to the halls of Pandemonium.
 36931 | Orc:2    | Bought a scroll of brand weapon for 300 gold pieces
 36937 | Orc:2    | Bought a potion of heal wounds for 85 gold pieces
 36937 | Orc:2    | Bought a potion of heal wounds for 85 gold pieces
 36937 | Orc:2    | Bought a potion of heal wounds for 85 gold pieces
 37014 | Orc:2    | Found Bocsy's Firing Range.
 37223 | Elf:1    | Entered Level 1 of the Elven Halls
 37579 | Elf:1    | Found the +9 sword of Zonguldrok {reap}
 37635 | Elf:1    | Found Peizin's Practical Paraphernalia.
 38162 | Elf:2    | Acquired 763 gold pieces
 38230 | Elf:2    | Found Koemo's Book Emporium.
 38231 | Elf:2    | Found Wequt's Jewellery Boutique.
 38231 | Elf:2    | Found Hijimat's Jewellery Boutique.
 38238 | Elf:2    | Bought the ring of Heimef {rElec Int+4 Dex+5 Slay+4} for
                  | 1721 gold pieces
 38462 | Elf:2    | Reached skill level 10 in Conjurations
 38462 | Elf:2    | Reached skill level 10 in Hexes
 38462 | Elf:2    | Reached skill level 10 in Summonings
 38462 | Elf:2    | Reached skill level 10 in Necromancy
 38462 | Elf:2    | Reached skill level 10 in Translocations
 38462 | Elf:2    | Reached skill level 10 in Transmutations
 38462 | Elf:2    | Reached skill level 10 in Fire Magic
 38462 | Elf:2    | Reached skill level 10 in Air Magic
 38462 | Elf:2    | Reached skill level 10 in Earth Magic
 38462 | Elf:2    | Reached skill level 10 in Poison Magic
 38540 | Elf:2    | Found a runed translucent gate.
 38645 | Elf:2    | Paralysed by an air elemental for 1 turns
 38670 | Elf:2    | Found a runed translucent gate.
 38673 | Elf:2    | Found a runed translucent gate.
 38697 | Elf:3    | Entered Level 3 of the Elven Halls
 38999 | Elf:3    | Noticed a deep elf blademaster
 38999 | Elf:3    | Noticed a deep elf blademaster
 39004 | Elf:3    | Killed a deep elf blademaster
 39006 | Elf:3    | Killed a deep elf blademaster
 39016 | Elf:3    | Noticed a deep elf master archer
 39023 | Elf:3    | Noticed a deep elf master archer
 39027 | Elf:3    | Killed a deep elf master archer
 39028 | Elf:3    | Reached XP level 18. HP: 114/140 MP: 8/35
 39028 | Elf:3    | Killed a deep elf master archer
 39171 | Elf:3    | Got the Papyrus of the Venomous Rocks
 39213 | Elf:3    | Identified the ring of Fanaticism {rCorr Int+6}
 39226 | Elf:3    | Identified the +4 steam dragon scales of Kleptomania {Str+3
                  | Int-5}
 39292 | Elf:3    | Identified the ring "Tiun" {Fly rElec Int+8 Dex-2 Slay+6}
 39832 | Orc:2    | Bought a book of Annihilations for 840 gold pieces
 40018 | D:5      | Bought a book of Fire for 660 gold pieces
 40018 | D:5      | Bought a manual of Invocations for 1200 gold pieces
 40027 | D:5      | Learned a level 8 spell: Ignition
 40077 | D:5      | Killed bronco's ghost
 40163 | D:7      | Killed Rennog's ghost
 40348 | D:8      | Killed IdlyInterested's ghost
 40643 | Lair:2   | Killed Anuemis's ghost
 40735 | Swamp:1  | Entered Level 1 of the Swamp
 40992 | Swamp:1  | Noticed a tentacled monstrosity
 41017 | Swamp:1  | Killed a tentacled monstrosity
 41288 | Swamp:2  | Identified the +2 chain mail of Inoor {rC+}
 41584 | Swamp:2  | Noticed Nikola
 41594 | Swamp:2  | Killed Nikola
 42011 | Swamp:3  | Identified Roxanne's Papyrus of Changing
 42011 | Swamp:3  | Noticed Roxanne
 42037 | Swamp:3  | Killed Roxanne
 42038 | Swamp:3  | Reached XP level 19. HP: 116/148 MP: 28/36
 42048 | Swamp:3  | Learned a level 2 spell: Passwall
 42195 | Swamp:3  | Noticed Bai Suzhen
 42211 | Swamp:3  | Killed Bai Suzhen
 42303 | Swamp:3  | Acquired 538 gold pieces
 42514 | Swamp:4  | Entered Level 4 of the Swamp
 42745 | Swamp:4  | Got a decaying rune of Zot
 42916 | Swamp:4  | Reached skill level 15 in Invocations
 43357 | Snake:1  | Entered Level 1 of the Snake Pit
 43764 | Snake:1  | Noticed Mlioglotl
 43773 | Snake:1  | Killed Mlioglotl
 44245 | Snake:2  | Found a stormy altar of Qazlal.
 44874 | Snake:2  | Found Odghaxt's Weapon Emporium.
 44878 | Snake:2  | Found Unyeb's Antique Weapon Shoppe.
 44879 | Snake:2  | Found Umnyastu's Antique Weapon Emporium.
 45274 | Snake:3  | Found Hozoacw's Assorted Antiques.
 45433 | Snake:3  | Reached XP level 20. HP: 156/157 MP: 38/38
 45861 | Snake:3  | Noticed Kirke
 45866 | Snake:3  | Killed Kirke
 45955 | Snake:4  | Entered Level 4 of the Snake Pit
 45982 | Snake:4  | Found Ysycec's Magic Scroll Shoppe.
 46002 | Snake:4  | Bought a scroll of teleportation for 45 gold pieces
 46297 | Snake:4  | Got a serpentine rune of Zot
 46549 | Snake:4  | Reached skill level 15 in Crossbows
 46807 | Snake:4  | Identified the +1 robe "Daezub" {rF+ rN+ Int+2 SInv}
 46921 | Snake:2  | Identified the +0 scale mail "Buun" {rElec rPois rCorr}
 47221 | Vaults:1 | Entered Level 1 of the Vaults
 47287 | Vaults:1 | Noticed Aizul
 47309 | Vaults:1 | Killed Aizul
 48540 | Vaults:2 | Found Corghopir's Antique Armour Emporium.
 48769 | Vaults:2 | Reached XP level 21. HP: 143/165 MP: 25/39
 48891 | Vaults:2 | Noticed Donald
 48898 | Vaults:2 | Killed Donald
 48950 | Vaults:2 | Reached skill level 15 in Spellcasting
 49256 | Vaults:2 | Reached skill level 15 in Dodging
 49465 | Vaults:2 | Reached skill level 15 in Stealth
 50038 | Vaults:3 | Found a staircase to the Crypt.
 50343 | Vaults:3 | Got Sif Muna's Handbook of Confrontation and Companions
 50762 | Vaults:3 | Found Riups's Antique Weapon Boutique.
 51241 | Vaults:4 | Reached XP level 22. HP: 174/174 MP: 41/41
 52066 | Vaults:5 | Entered Level 5 of the Vaults
 52066 | Vaults:5 | Noticed Margery
 52070 | Vaults:5 | Reached skill level 15 in Fighting
 52070 | Vaults:5 | Reached skill level 15 in Short Blades
 52070 | Vaults:5 | Reached skill level 15 in Long Blades
 52070 | Vaults:5 | Reached skill level 15 in Axes
 52070 | Vaults:5 | Reached skill level 15 in Maces & Flails
 52070 | Vaults:5 | Reached skill level 15 in Polearms
 52070 | Vaults:5 | Reached skill level 15 in Slings
 52070 | Vaults:5 | Reached skill level 15 in Bows
 52070 | Vaults:5 | Reached skill level 15 in Throwing
 52070 | Vaults:5 | Reached skill level 15 in Armour
 52070 | Vaults:5 | Reached skill level 15 in Shields
 52070 | Vaults:5 | Reached skill level 15 in Unarmed Combat
 52070 | Vaults:5 | Reached skill level 15 in Evocations
 52071 | Vaults:5 | Noticed an ancient lich
 52076 | Vaults:4 | Killed Margery
 52223 | Vaults:5 | Killed an ancient lich
 52276 | Vaults:5 | Noticed a golden dragon
 52283 | Vaults:5 | Killed a golden dragon
 52353 | Vaults:5 | Got a silver rune of Zot
 52417 | Vaults:5 | Identified the +9 dagger of Vodka {flame, rPois Int+4 SInv}
 52477 | Vaults:5 | Identified the ring of Osather {rPois Will+ SInv}
 52618 | Vaults:5 | Reached XP level 23. HP: 182/182 MP: 37/43
 52632 | Vaults:5 | Noticed Xtahua
 52640 | Vaults:5 | Killed Xtahua
 52677 | Vaults:5 | Got Sif Muna's Volume of Translocation and Black Rituals
 52988 | Vaults:5 | Got the Guide on Ice
 53815 | Depths:1 | Entered Level 1 of the Depths
 53816 | Depths:1 | Found a runed translucent door.
 53822 | Depths:1 | Noticed spiderkeys's ghost (adept BaAK)
 53984 | Depths:1 | Killed spiderkeys's ghost
 54120 | Depths:1 | Reached skill level 15 in Ice Magic
 54165 | Depths:1 | Found a hazy altar of Hepliaklqana.
 54345 | Depths:1 | Found a gateway to a ziggurat.
 54366 | Depths:1 | Found a gateway to Hell.
 54588 | Depths:1 | Found a sparkling altar of Nemelex Xobeh.
 55132 | Depths:2 | Identified the ring "Jubehuol" {Drain rC+ rN+++ Will+
                  | rCorr}
 55429 | Depths:2 | Noticed a golden dragon
 55439 | Depths:2 | Killed a golden dragon
 56038 | Depths:2 | Reached XP level 24. HP: 168/191 MP: 43/43
 56899 | Depths:3 | Found a transporter.
 56899 | Depths:3 | Noticed Goerukk's ghost (adept HuFi)
 56948 | Depths:3 | Found a transporter.
 56962 | Depths:3 | Found a sacrificial altar of Ru.
 57026 | Depths:3 | Found a corrupted altar of Lugonu.
 57782 | Depths:3 | Killed Goerukk's ghost
 57852 | Depths:4 | Entered Level 4 of the Depths
 57853 | Depths:4 | Noticed a caustic shrike
 57855 | Depths:4 | Noticed a caustic shrike
 57855 | Depths:4 | Noticed a caustic shrike
 57857 | Depths:4 | Noticed a caustic shrike
 57858 | Depths:4 | Killed a caustic shrike
 57859 | Depths:4 | Noticed a caustic shrike
 57862 | Depths:4 | Killed a caustic shrike
 57863 | Depths:4 | Killed a caustic shrike
 57865 | Depths:4 | Killed a caustic shrike
 57866 | Depths:4 | Reached skill level 15 in Fire Magic
 57866 | Depths:4 | Killed a caustic shrike
 58137 | Depths:4 | Found a radiant altar of Vehumet.
 58137 | Depths:4 | Found an ornate altar of the Wu Jian Council.
 58239 | Depths:4 | Noticed a juggernaut
 58255 | Depths:4 | Killed a juggernaut
 58266 | Depths:4 | Found a gate to the Realm of Zot.
 58338 | Depths:4 | Found a white marble altar of Elyvilon.
 58437 | Depths:4 | Reached XP level 25. HP: 199/199 MP: 44/44
 58705 | Depths:4 | Noticed a juggernaut
 58791 | Depths:4 | Killed a juggernaut
 58813 | Depths:4 | Acquired a +2 kite shield of protection
 59355 | Depths:4 | Learned a level 9 spell: Shatter
 59364 | Depths:4 | Learned a level 8 spell: Necromutation
 59834 | Crypt:1  | Entered Level 1 of the Crypt
 59848 | Crypt:1  | Noticed Jory
 59872 | Crypt:1  | Killed Jory
 60498 | Crypt:1  | Identified the +8 plate armour of Sloth {rPois rCorr}
 60832 | Crypt:2  | Noticed Sojobo
 60838 | Crypt:2  | Killed Sojobo
 60985 | Crypt:2  | Noticed Mennas
 61008 | Crypt:2  | Noticed Mara
 61019 | Crypt:2  | Noticed frimble's illusion
 61029 | Crypt:2  | Killed Mara
 61030 | Crypt:2  | Reached XP level 26. HP: 172/208 MP: 33/45
 61043 | Crypt:2  | Killed Mennas
 61541 | Crypt:3  | Entered Level 3 of the Crypt
 61780 | Crypt:3  | Found a staircase to the Tomb.
 61810 | Crypt:3  | Found the +6 Majin-Bo {vamp, MP+6 Int+6}
 62373 | Crypt:3  | Found a basalt altar of Yredelemnul.
 62482 | Crypt:3  | Learned a level 2 spell: Blink
 62554 | Crypt:3  | Reached skill level 15 in Conjurations
 62554 | Crypt:3  | Reached skill level 15 in Hexes
 62554 | Crypt:3  | Reached skill level 15 in Summonings
 62554 | Crypt:3  | Reached skill level 15 in Necromancy
 62554 | Crypt:3  | Reached skill level 15 in Translocations
 62554 | Crypt:3  | Reached skill level 15 in Transmutations
 62554 | Crypt:3  | Reached skill level 15 in Air Magic
 62554 | Crypt:3  | Reached skill level 15 in Earth Magic
 62554 | Crypt:3  | Reached skill level 15 in Poison Magic
 62624 | Crypt:3  | Reached XP level 27. HP: 216/216 MP: 45/45
 63166 | Tomb:1   | Entered Level 1 of the Tomb of the Ancients
 63469 | Tomb:1   | Noticed a royal mummy
 63490 | Tomb:1   | Killed a royal mummy
 63529 | Tomb:1   | Noticed a royal mummy
 63548 | Tomb:1   | Killed a royal mummy
 63548 | Tomb:1   | Noticed a royal mummy
 63553 | Tomb:1   | Noticed a royal mummy
 63561 | Tomb:1   | Killed a royal mummy
 63570 | Tomb:1   | Killed a royal mummy
 63810 | Tomb:2   | Noticed a royal mummy
 63814 | Tomb:2   | Noticed a royal mummy
 63817 | Tomb:2   | Noticed a royal mummy
 63818 | Tomb:2   | Killed a royal mummy
 64070 | Tomb:3   | Entered Level 3 of the Tomb of the Ancients
 64081 | Tomb:3   | Noticed a royal mummy
 64083 | Tomb:3   | Noticed a royal mummy
 64088 | Tomb:3   | Noticed a royal mummy
 64102 | Tomb:3   | Killed a royal mummy
 64102 | Tomb:3   | Killed a royal mummy
 64107 | Tomb:3   | Killed a royal mummy
 64134 | Tomb:3   | Noticed a royal mummy
 64145 | Tomb:3   | Killed a royal mummy
 64454 | Tomb:3   | Noticed a royal mummy
 64455 | Tomb:3   | Noticed a royal mummy
 64458 | Tomb:3   | Noticed a dread lich
 64460 | Tomb:3   | Noticed a royal mummy
 64464 | Tomb:3   | Noticed a royal mummy
 64466 | Tomb:3   | Killed a royal mummy
 64468 | Tomb:3   | Killed a royal mummy
 64468 | Tomb:3   | Killed a royal mummy
 64468 | Tomb:3   | Killed a dread lich
 64471 | Tomb:3   | Killed a royal mummy
 64609 | Tomb:3   | Noticed a royal mummy
 64613 | Tomb:3   | Found the +10 tower shield of Ignorance {rN+ Int-4}
 64638 | Tomb:3   | Killed a royal mummy
 64664 | Tomb:3   | Identified the ring of Patz {Drain Will++ Int+6 Dex+3
                  | Stlth-}
 64678 | Tomb:3   | Identified the +2 ring mail of Evolution {rPois Slay+5}
 64681 | Tomb:3   | Got the Tome of Evil Secrets
 64853 | Tomb:3   | Got a golden rune of Zot
 65351 | Crypt:3  | Identified the +8 rapier "Urhaor" {vorpal, rElec}
 65900 | Slime:1  | Entered Level 1 of the Pits of Slime
 65916 | Slime:2  | Noticed Dissolution
 65923 | Slime:2  | Killed Dissolution
 66023 | Slime:5  | Entered Level 5 of the Pits of Slime
 66045 | Slime:5  | Noticed the Royal Jelly
 66319 | Slime:5  | Killed the Royal Jelly
 66470 | Slime:5  | Found the +9 scales of the Dragon King {rPois rF+ rC+
                  | Will+}
 66492 | Slime:5  | Found the +8 glaive of the Guard {elec, spectral, AC+5}
 66492 | Slime:5  | Found the +3 sling "Punk" {acid, rCorr}
 66519 | Slime:5  | Got Eluwn's Collected Works on Changing
 66560 | Slime:5  | Got a slimy rune of Zot
 66592 | Slime:5  | Identified the +8 plate armour of Courage {rElec rC- Str+7
                  | Int+4}
 67235 | Zot:1    | Entered Level 1 of the Realm of Zot
 67552 | Zot:1    | Noticed an orb of fire
 68119 | Vaults:4 | Upgraded the game from 0.28-a0-556-gab23d0e057 to
                  | 0.28-a0-563-gf77a47075d
 68729 | Zot:1    | Gained mutation: Your spells are a little easier to cast,
                  | but a little less powerful. [an orb of fire]
 68733 | Zot:1    | Gained mutation: Your magical capacity is low. (-10% MP)
                  | [an orb of fire]
 68738 | Zot:1    | Killed an orb of fire
 69363 | Zot:1    | Lost mutation: Your magical capacity is low. (-10% MP)
                  | [potion of mutation]
 69363 | Zot:1    | Lost mutation: Your spells are a little easier to cast, but
                  | a little less powerful. [potion of mutation]
 69363 | Zot:1    | Gained mutation: Your flesh is heat resistant. (rF+)
                  | [potion of mutation]
 69363 | Zot:1    | Gained mutation: Your spells are a little easier to cast,
                  | but a little less powerful. [potion of mutation]
 69363 | Zot:1    | Gained mutation: Your skin changes colour to match your
                  | surroundings (Stealth+). [potion of mutation]
 69803 | Zot:2    | Got the Reference Book on Shifting Ignition
 71302 | Zot:4    | Noticed an orb of fire
 71332 | Zot:4    | Killed an orb of fire
 71489 | Zot:4    | Learned a level 5 spell: Irradiate
 72201 | Zot:5    | Entered Level 5 of the Realm of Zot
 73310 | Zig:1    | Entered Level 1 of a ziggurat
 73336 | Zig:2    | Entered Level 2 of a ziggurat
 73451 | Zig:3    | Entered Level 3 of a ziggurat
 73485 | Zig:4    | Entered Level 4 of a ziggurat
 73511 | Zig:5    | Entered Level 5 of a ziggurat
 73533 | Zig:5    | Identified the +9 hand axe "Qupyok" {chaos, rPois Will+
                  | Str+8 Dex-3}
 73565 | Zig:6    | Entered Level 6 of a ziggurat
 73571 | Zig:6    | Noticed an ancient lich
 73572 | Zig:6    | Noticed an ancient lich
 73572 | Zig:6    | Noticed an ancient lich
 73582 | Zig:6    | Killed an ancient lich
 73583 | Zig:6    | Killed an ancient lich
 73587 | Zig:6    | Killed from afar by an ancient lich

Illustrated notes

Levels and vault maps discovered:
D:1:      minmay_arrival_up_and_down, layout_basic,
          ebering_ecumenical_altar_sacrificial
D:2:      layout_loops_cross, dk_noncrumbling_4
D:3:      layout_basic, old_standard_altar, old_standard_altar,
          minmay_liquid_box
D:4:      layout_basic, mainiacjoe_overflow_divided_tiny,
          minmay_temple_entry_proselytizer
D:5:      layout_basic, grunt_gozag_statues, serial_shops,
          nicolae_shop_waterfront, ebering_ghost_inner_flame
D:6:      layout_basic, mainiacjoe_overflow_tiny_flanked, serial_bayou_pond_c,
          moated_statue, minmay_fractal_squares_gapless_5, uniq_pikel
D:7:      layout_cave_pods, gammafunk_ghost_arena, serial_shops, shop,
          small_statue_intersection, minmay_manual_moon
D:8:      layout_basic, mainiacjoe_overflow_brackets, david_lair_generic,
          gammafunk_ghost_arena, lightli_corner_chamber
D:9:      layout_grid_maze, fiery_altar_vehumet, david_orc_2, serial_undead,
          serial_undead_a, serial_undead_d, serial_undead_c, serial_undead_f,
          serial_undead_d, serial_undead_f, minmay_tree_intersection
D:10:     layout_gridville, cheibriados_altar_1
D:11:     kennysheep_kobold_lugonu_temple, layout_small_grid
D:12:     layout_small_grid, gauntlet_entry_generic
D:13:     layout_loops_ring, nicolae_benzene_ring, uniq_frances
D:14:     minmay_the_grid_triangle_9x9_recursive_2
          [minmay_the_grid_triangle_9x9_prize_special,
          minmay_the_grid_triangle_9x9_checkered,
          minmay_the_grid_triangle_9x9_fully_insulated_deathbox,
          minmay_the_grid_triangle_9x9_semitri], layout_small_grid,
          hangedman_vaults_entry_quadrant_bands,
          grunt_dithmenos_smoke_and_mirrors, grunt_ogre_cave, tgw_lugonu_bribe
D:15:     grunt_enter_depths_hoard, layout_basic, old_standard_altar,
          minmay_shop_mass, bh_walls_and_bars
Lair:1:   gammafunk_lair_enchanted_lake, layout_loops_ring, st_stairs_12,
          uniq_nergalle
Lair:2:   layout_gridlike, maelrawn_ghost_gauntlet_escape, basic_altar,
          minivault_26, chequers_serial_rivers_micro_c,
          infiniplex_staircase_pool_2
Lair:3:   gammafunk_indiana_jones, layout_cave_pods,
          grunt_forest_large_clearing_hut
Lair:4:   layout_hall_layers, swamp_mist, guppyfry_snake_entry_island,
          minivault_24, infiniplex_staircase_pool, uniq_nessos
Lair:5:   layout_regular_city, bobbens_ice_dragon_lair, grunt_megastairs_5
Lair:6:   hellmonk_lair_end_abyssal_woods, layout_long_grid,
          nicolae_slime_entry_slimehenge, evilmike_ambush
          [evilmike_ambush_outer_pillars, evilmike_ambush_inner_pond],
          grunt_megastairs_1, serial_bayou_shore_b, serial_bayou_shore_a
Swamp:1:  layout_falls_marsh, evilmike_swamp_ruin_house_4
Swamp:2:  layout_basic_swamp, evilmike_swamp_ruin_rubble_2, swamp_pool1,
          uniq_nikola
Swamp:3:  layout_falls_marsh, evilmike_swamp_ruin_rubble_1, uniq_bai_suzhen,
          uniq_roxanne
Swamp:4:  swamp_alternative, layout_basic_swamp
Snake:1:  layout_misc_corridors, uniq_mlioglotl
Snake:2:  layout_chambers, basic_altar, nicolae_snake_salamander_fort,
          grunt_megastairs_3, minmay_shop_star
Snake:3:  layout_gridlike, serial_shops, shop, uniq_kirke
Snake:4:  johnstein_snake_rune_scales, layout_misc_corridors, serial_shops,
          shop_fountains
Slime:1:  layout_caves
Slime:2:  layout_caves, uniq_dissolution
Slime:3:  layout_caves
Slime:4:  layout_caves, dissolution_awaits
Slime:5
Orc:1:    layout_caves, serial_shops, nicolae_shop_window_shopping,
          nicolae_shop_gadgets, uniq_sonja, uniq_urug
Orc:2:    pf_orc_diabolical, layout_caves, portal_ice_cave_entry_pillars_1,
          hangedman_feature_mirror, nicolae_shop_firing_range
Elf:1:    nicolae_elf_arrival_no_cutting_in_line, layout_geoelf_grid,
          nicolae_alphabet_shops
Elf:2:    elven_hall_of_blades_hangedman_original
          [nicolae_vaults_blade_armed_guards], layout_gridlike,
          grunt_ministairs_11, minmay_shop_grove
Elf:3:    elf_hall, layout_geoelf_diagonals, grunt_megastairs_2
Vaults:1: v_misc_17, v_misc_13, hangedman_vaults_maws,
          hangedman_vaults_variations, ontoclasm_vaults_fault,
          hangedman_vaults_slice, vaults_dpeg_hooks, vaults_room_pools,
          v_misc_28, hangedman_vaults_slice, vaults_dpeg_ring,
          layout_vaults_omnigrid, uniq_aizul
Vaults:2: v_misc_15, nicolae_vaults_twisting_passages, vaults_dpeg_cross,
          nicolae_vaults_meeting, hangedman_vaults_capsules,
          nicolae_vaults_little_squares_3, v_misc_16,
          nicolae_vaults_little_squares_4, v_misc_22,
          nicolae_vaults_little_squares_4, nicolae_vaults_angled_halls,
          vaults_mumra_chevron, nicolae_vaults_asterisk,
          layout_vaults_omnicross, serial_shops, nicolae_diamond_shop,
          uniq_donald
Vaults:3: nicolae_vaults_network_barrier, minmay_crypt_entry_skeletal_spiral,
          grunt_vaults_swirl, vaults_room_guarded_vault,
          nicolae_vaults_three_branches, hangedman_vaults_stretched_pinwheel,
          hangedman_vaults_snaps, vaults_dpeg_diagonal,
          nicolae_vaults_back_hallway, hangedman_vaults_slice, v_misc_29,
          ontoclasm_vaults_ligature, v_misc_19, vaults_room_hallway,
          nicolae_vaults_rhombus_7, layout_vaults_maze, serial_shops, shop
Vaults:4: v_misc_30, serial_ice_h, hangedman_vaults_maws,
          ontoclasm_vaults_gateway, st_hourglassy, vaults_room_semicircle,
          v_misc_14, nicolae_vaults_little_ls, ontoclasm_vaults_hangar,
          v_misc_25, ontoclasm_vaults_pinch, ontoclasm_vaults_ring_small,
          layout_vaults_ring
Vaults:5: uniq_margery, uniq_xtahua
Crypt:1:  layout_catacombs, nicolae_crypt_ancient_font, uniq_jory
Crypt:2:  layout_chaotic_city, uniq_mennas, uniq_mara, uniq_sojobo
Crypt:3:  evilmike_haunted_forest
Tomb:1
Tomb:2
Tomb:3
Depths:1: layout_gridlike, enter_ziggurat_e, hellmonk_ghost_big_iron,
          hell_entry, rand_demon_pan_entry_1, nemelex_altar_shiori,
          nicolae_hepliaklqana_hazy_memory
Depths:2: grunt_deathspiral_large, layout_honeycomb, pf_coc_iceberg,
          glass_columns_a, grunt_pan_entry_in_and_out,
          minmay_staircase_windowed_large
Depths:3: nooodl_heptagram, layout_basic, abyss_entry_flame_altar,
          gammafunk_ghost_arena, grunt_metal_band,
          nicolae_ru_great_annihilating_truth
Depths:4: hangedman_slaughterboxes, hell_entry, pan_entry
Zot:1:    layout_onion_interference
Zot:2:    layout_onion_interference
Zot:3:    layout_basic, grunt_ministairs_4
Zot:4:    layout_gridlike, skrybe_zot_glass_2
Zot:5:    layout_gridlike
Zig:6

Skill      XL: |  1  2  3  4  5  6  7  8  9 10 11 12 13 14 15 16 17 18 19 20 21 22 23 24 25 26 27 |
---------------+----------------------------------------------------------------------------------+-----
Spellcasting   | 5 6 7 8 9 10 11 12 13 14 15 16 17 18 20 | 20.3
Invocations    | 1 2 3 4 5 6 7 8 9 10 11 12 13 14 15 17 18 19 20 21 22 23 26 | 26.5
Fighting       | 1 2 3 4 5 6 7 8 9 10 11 12 13 14 15 16 17 19 | 19.8
Short Blades   | 1 2 3 4 5 6 7 8 9 10 11 12 13 14 15 16 17 19 | 19.8
Long Blades    | 1 2 3 4 5 6 7 8 9 10 11 12 13 14 15 16 17 19 | 19.8
Axes           | 1 2 3 4 5 6 7 8 9 10 11 12 13 14 15 16 17 19 | 19.8
Maces & Flails | 1 2 3 4 5 6 7 8 9 10 11 12 13 14 15 16 17 19 | 19.8
Polearms       | 1 2 3 4 5 6 7 8 9 10 11 12 13 14 15 16 17 19 | 19.8
Staves         | 1 2 3 4 6 8 10 11 12 13 14 16 17 18 19 20 21 22 23 26 | 26.0
Slings         | 1 2 3 4 5 6 7 8 9 10 11 12 13 14 15 16 17 18 19 22 | 22.9
Bows           | 1 2 3 4 5 6 7 8 9 10 11 12 13 14 15 16 17 19 | 19.8
Crossbows      | 1 2 3 4 5 6 7 8 9 10 11 12 13 14 15 16 17 18 20 21 24 | 24.6
Throwing       | 1 2 3 4 5 6 7 8 9 10 11 12 13 14 15 16 17 19 | 19.8
Armour         | 1 2 3 4 5 6 7 8 9 10 11 12 13 14 15 16 17 19 | 19.8
Shields        | 1 2 3 4 5 6 7 8 9 10 11 12 13 14 15 16 17 19 | 19.8
Unarmed Combat | 1 2 3 4 5 6 7 8 9 10 11 12 13 14 15 16 17 19 | 19.8
Evocations     | 1 2 3 4 5 6 7 8 9 10 11 12 13 14 15 16 17 19 | 19.8
Conjurations   | 1 2 3 4 5 6 7 8 9 10 11 12 13 14 15 16 | 16.9
Hexes          | 1 2 3 4 5 6 7 8 9 10 11 12 13 14 15 16 | 16.9
Summonings     | 1 2 3 4 5 6 7 8 9 10 11 12 13 14 15 16 | 16.9
Necromancy     | 1 2 3 4 5 6 7 8 9 10 11 12 13 14 15 16 | 16.9
Translocations | 1 2 3 4 5 6 7 8 9 10 11 12 13 14 15 16 | 16.9
Transmutations | 1 2 3 4 5 6 7 8 9 10 11 12 13 14 15 16 | 16.9
Fire Magic     | 1 2 3 4 5 6 7 8 9 10 11 12 13 14 15 16 19 | 19.8
Air Magic      | 1 2 3 4 5 6 7 8 9 10 11 12 13 14 15 16 | 16.9
Earth Magic    | 1 2 3 4 5 6 7 8 9 10 11 12 13 14 15 16 | 16.9
Poison Magic   | 1 2 3 4 5 6 7 8 9 10 11 12 13 14 15 16 | 16.9
Dodging        | 5 6 7 8 9 10 11 12 13 14 15 16 17 18 20 | 20.2
Stealth        | 5 6 7 8 9 10 11 12 13 14 15 16 17 18 20 | 20.1
Ice Magic      | 8 9 10 11 12 13 14 15 16 18 | 18.1

Action                   |  1- 3 |  4- 6 |  7- 9 | 10-12 | 13-15 | 16-18 | 19-21 | 22-24 | 25-27 || total
-------------------------+-------+-------+-------+-------+-------+-------+-------+-------+-------++-------
Melee: Spear             |    99 |   194 |       |       |       |       |       |       |       ||   293
       Bite              |     2 |    20 |    25 |    71 |   160 |   165 |   196 |   243 |   654 ||  1536
       Punch             |       |     2 |     2 |     3 |    62 |     2 |       |       |       ||    71
       Mace              |       |    31 |   226 |    55 |       |       |       |       |       ||   312
       Halberd           |       |       |       |   713 |       |       |       |       |       ||   713
       Demon trident     |       |       |       |    35 |   942 |   935 |  1214 |  1024 |  2549 ||  6699
Throw: Throwing net      |       |       |       |     1 |       |       |       |       |       ||     1
       Javelin           |       |       |       |       |       |       |       |       |    10 ||    10
 Cast: Freeze            |    27 |    30 |    19 |    15 |       |       |       |       |       ||    91
       Ozocubu's Armour  |       |     4 |    19 |    56 |    15 |     1 |       |       |       ||    95
       Frozen Ramparts   |       |     3 |    17 |    53 |    16 |       |       |     1 |       ||    90
       Statue Form       |       |       |       |       |    35 |    20 |    19 |    25 |    23 ||   122
       Apportation       |       |       |       |       |     2 |    43 |     1 |       |     8 ||    54
       Ozocubu's Refrige |       |       |       |       |     5 |    76 |    63 |    58 |    58 ||   260
       Ignition          |       |       |       |       |       |       |       |     9 |    84 ||    93
       Necromutation     |       |       |       |       |       |       |       |       |    32 ||    32
       Blink             |       |       |       |       |       |       |       |       |     1 ||     1
Invok: Slouch            |       |       |       |       |     2 |     2 |       |       |     1 ||     5
       Step From Time    |       |       |       |       |       |       |       |       |     1 ||     1
 Abil: End Transformatio |       |       |       |       |       |     1 |     1 |       |     1 ||     3
Evoke: Wand              |       |       |     8 |    16 |    10 |     9 |       |       |     2 ||    45
       Condenser vane    |       |       |       |       |       |       |       |     1 |     6 ||     7
       Tin of tremorston |       |       |       |       |       |       |       |       |     9 ||     9
       Box of beasts     |       |       |       |       |       |       |       |       |     1 ||     1
  Use: Scroll            |     4 |     8 |     6 |     7 |    10 |    11 |     1 |       |    13 ||    60
       Potion            |       |       |     6 |     3 |     1 |       |     1 |     1 |     2 ||    14
 Stab: Sleeping          |     5 |    13 |     2 |     8 |    26 |    47 |    53 |    43 |    21 ||   218
       Distracted        |       |     1 |       |     3 |     5 |     6 |    12 |     9 |    24 ||    60
       Paralysed         |       |       |       |       |     4 |       |       |       |       ||     4
       Petrified         |       |       |       |       |     1 |     4 |       |       |       ||     5
       Petrifying        |       |       |       |       |       |     1 |       |       |       ||     1
       Invisible         |       |       |       |       |       |       |       |       |     3 ||     3
       Confused          |       |       |       |       |       |       |       |       |     2 ||     2
Armor: Robe              |    27 |    37 |   142 |   123 |       |       |       |       |       ||   329
       Steam dragon scal |       |       |       |   329 |   126 |    26 |       |       |       ||   481
       Skin              |       |       |       |       |   377 |    93 |   175 |   119 |   115 ||   879
       Troll leather arm |       |       |       |       |       |    53 |    87 |    33 |   129 ||   302
       Gold dragon scale |       |       |       |       |       |       |       |       |   179 ||   179
Dodge: Dodged            |    88 |   126 |   232 |   717 |  1632 |   715 |  1237 |   770 |  1631 ||  7148
Block: Buckler           |       |       |       |       |       |   421 |   627 |    65 |       ||  1113
       Kite shield       |       |       |       |       |       |       |       |   640 |  2440 ||  3080
       Reflection        |       |       |       |       |       |       |       |    18 |     1 ||    19

Table legend: (Time is in decaauts)
 A = Elapsed time spent in this place.
 B = Non-inter-level travel time spent in this place.
 C = Inter-level travel time spent in this place.
 D = Time resting spent in this place.
 E = Time spent auto-exploring this place.
 F = Levels seen in this place.
 G = Mean time per level.
                   A        B        C        D        E       F      G
               +--------+--------+--------+--------+--------+-----+--------+
         Total | 108480 |  94917 |  13563 |   1191 |  74178 |  67 | 1619.1 |
       Dungeon |  29004 |  25188 |   3816 |    805 |  20045 |  15 | 1933.6 |
          Lair |  17223 |  15325 |   1898 |    188 |  12654 |   6 | 2870.5 |
         Swamp |   4613 |   4336 |    277 |     96 |   3197 |   4 | 1153.2 |
     Snake Pit |   6761 |   6225 |    536 |      0 |   5124 |   4 | 1690.2 |
    Slime Pits |   1040 |    905 |    135 |     73 |    230 |   5 |  208.0 |
  Orcish Mines |   3062 |   2714 |    348 |      0 |   2010 |   2 | 1531.0 |
   Elven Halls |   4205 |   3815 |    390 |      0 |   2953 |   3 | 1401.7 |
        Vaults |  12144 |  10253 |   1891 |      0 |   8134 |   5 | 2428.8 |
         Crypt |   6263 |   5623 |    640 |      0 |   4481 |   3 | 2087.7 |
          Tomb |   2706 |   2457 |    249 |      0 |   1497 |   3 |  902.0 |
        Depths |  12052 |   9192 |   2860 |      0 |   7305 |   4 | 3013.0 |
           Zot |   7454 |   6935 |    519 |      3 |   5540 |   5 | 1490.8 |
      Ziggurat |    338 |    338 |      0 |     25 |    113 |   6 |   56.3 |
      Ice Cave |    726 |    726 |      0 |      0 |    410 |   1 |  726.0 |
      Gauntlet |    883 |    883 |      0 |      0 |    481 |   1 |  883.0 |
               +--------+--------+--------+--------+--------+-----+--------+

Top non-repeatable levels by time:
  Lair:1: 4339 daAuts
  Lair:6: 3892 daAuts
Depths:4: 3481 daAuts
     D:8: 3227 daAuts
 Crypt:3: 3120 daAuts
Depths:3: 3109 daAuts
Vaults:2: 2983 daAuts
Depths:1: 2851 daAuts
  Lair:3: 2774 daAuts
    D:14: 2740 daAuts
Depths:2: 2610 daAuts
  Lair:5: 2553 daAuts
     D:9: 2524 daAuts
     D:6: 2508 daAuts
 Snake:2: 2506 daAuts
